Map: Acolyte LE

Players

Winthrowe - Winner!

  • Race: Zerg Zerg
  • Spawn Location: 7:00

A.I. 1 (Medium)

  • Race: Terran Terran
  • Spawn Location: 1:00

VOD

Have the link to the VOD?

Description

Time

  • Played on: Aug. 16, 2017, 6:24 p.m.
  • Length: 10:57
Show
View Real Time Build Order
Export as new Build Order

Winthrowe Zerg - Winner!

Build Orders: Pool First 

Get SALT Encoding   

  12  0:04  Drone  
  13  0:15  Drone  
  14  0:37  Spawning Pool  
  14  0:38  Drone  
  14  1:05  Hatchery  
  14  1:10  Drone  
  14  1:11  Overlord  
  14  1:36  Drone  
  14  1:39  Queen  
  17  1:47  Drone  
  17  1:48  Drone  
  19  2:08  Extractor  
  18  2:10  Extractor  
  17  2:16  Drone x2  
  19  2:42  Drone  
  19  2:43  Drone x5  
  25  2:56  Queen  
  27  3:08  Overlord  
  27  3:10  Overlord  
  27  3:15  Drone  
  28  3:26  Queen  
  30  3:40  Drone x7  
  30  3:41  Drone x2  
  39  4:12  Drone  
  39  4:13  Drone x3  
  43  4:34  Extractor  
  43  4:36  Extractor  
  41  4:45  Roach Warren  
  40  4:58  Evolution Chamber  
  39  5:02  Evolution Chamber  
  38  5:10  Lair  
  38  5:17  Zergling x10  
  38  5:18  Zergling x2  
  38  5:20  Overlord x3  
  44  5:29  Zerg Missile Weapons Level 1  
  44  5:36  Zerg Ground Armor Level 1  
  44  5:44  Roach  
  44  5:45  Roach x5  
  46  6:22  Roach x5  
  46  6:23  Roach x4  
  64  6:31  Glial Reconstitution  
  64  6:38  Roach  
  64  6:39  Roach  
  68  6:45  Overlord x2  
  68  7:06  Roach  
  68  7:07  Roach x5  
  80  7:17  Roach x2  
  84  7:23  Zerg Melee Weapons Level 1  
  84  7:44  Overlord x3  
  84  7:45  Overlord  
  68  8:14  Roach x3  
  68  8:15  Roach x9  
  86  8:27  Roach  
  86  8:28  Roach x3  
  94  8:58  Roach x9  
  110  9:37  Overlord x2  
  110  9:38  Overlord  
  110  9:44  Roach x3  
  116  10:12  Zergling x8  
Show
View Real Time Build Order
Export as new Build Order

A.I. 1 (Medium) Terran 

Build Orders:  

Get SALT Encoding   

  12  0:00  SCV  
  13  0:13  SCV  
  14  0:19  Supply Depot  
  14  0:25  SCV  
  15  0:40  SCV  
  16  0:43  Barracks  
  16  0:50  Refinery  
  16  0:53  SCV  
  17  1:05  SCV  
  18  1:17  Supply Depot  
  18  1:31  Marine  
  18  1:32  Orbital Command, Barracks  
  19  1:42  Refinery  
  19  1:49  Barracks Tech Lab  
  19  2:04  Factory  
  19  2:07  Marine  
  20  2:19  Marine  
  20  2:20  Supply Depot  
  21  2:26  Marine  
  22  2:36  Marine  
  22  2:44  Marine  
  23  2:47  SCV  
  23  2:48  Hellion  
  27  2:54  Marine  
  28  2:59  SCV  
  28  3:01  Supply Depot  
  29  3:09  Hellion  
  29  3:11  SCV  
  32  3:13  Engineering Bay  
  32  3:23  SCV  
  33  3:31  Hellion  
  35  3:35  SCV  
  36  3:47  SCV  
  37  5:03  Barracks Tech Lab, SCV, Marauder  
  37  5:05  Factory, Factory Tech Lab  
  40  5:08  Supply Depot  
  40  5:11  Missile Turret, Command Center  
  40  5:13  Missile Turret  
  40  5:15  SCV  
  40  5:20  Sensor Tower  
  41  5:22  Armory  
  41  5:24  Reaper  
  41  5:27  Marine  
  43  5:34  Starport  
  43  5:37  Supply Depot  
  43  5:45  Reaper  
  44  5:50  Bunker, Factory Tech Lab  
  44  5:56  Marauder  
  46  6:02  Barracks  
  40  6:12  Starport Tech Lab  
  40  6:17  Marauder  
  36  6:20  Marine  
  36  6:24  SCV  
  37  6:27  SCV  
  37  6:32  Raven  
  40  6:36  SCV  
  40  6:38  Marine  
  40  6:39  SCV  
  43  6:41  Marine, Missile Turret  
  44  6:48  SCV  
  44  6:49  Marine, Missile Turret  
  44  6:51  SCV  
  47  6:58  Marauder  
  47  7:00  SCV  
  50  7:03  SCV  
  50  7:06  Marine  
  52  7:09  Bunker, Barracks Reactor  
  52  7:12  SCV  
  52  7:15  Raven, SCV  
  55  7:19  Marine  
  57  7:24  Marine, SCV  
  57  7:27  SCV  
  60  7:36  SCV  
  61  7:40  SCV  
  62  7:44  Refinery  
  62  7:48  SCV  
  63  7:52  SCV  
  63  7:54  Refinery  
  63  7:55  Reaper  
  62  8:01  SCV  
  62  8:03  Marine  
  59  8:06  SCV  
  59  8:11  Marine  
  57  8:13  SCV  
  57  8:15  Sensor Tower  
  57  8:18  SCV  
  55  8:20  Reaper  
  55  8:25  SCV  
  55  8:29  Marine  
  55  8:33  Supply Depot  
  54  8:36  Viking  
  55  8:44  Hellion  
  55  8:45  SCV  
  55  8:48  SCV  
  51  8:57  SCV  
  51  8:59  Marine  
  51  9:00  SCV  
  49  9:05  Marine  
  45  9:11  Marine  
  45  9:13  Command Center  
  45  9:16  Marine  
  37  9:22  Marine  
  30  9:28  Marauder  
  28  9:34  Marine  
  25  9:43  SCV  
  25  9:44  Command Center  
  22  9:46  Marine, SCV  
  22  9:52  Reaper  
  19  10:02  SCV  
  19  10:06  SCV  
  16  10:25  Command Center  
  14  10:40  Supply Depot  
Tags
 
Matchup
TvZ
Opening
Pool First
Spawn Locations
Cross Positions
Add a new tag
Caveats
  • Supply blocks, unpowered buildings, or Contaminate may cause inaccurate times.
  • Supply counts are checked every 10 seconds.